 Dungeon Crawl Stone Soup version 0.28.0-53-g5a82cb258f (webtiles) character file.

Game seed: 7503455672113969239

0 Kamelione the Skirmisher (level 1, -23/19 HPs)
             Began as a Minotaur Abyssal Knight on May 22, 2022.
             Was a Follower of Lugonu.
             Killed from afar by a hellion (29 damage)
             ... with damnation
             ... on level 1 of the Abyss.
             The game lasted 00:02:30 (111 turns).

Kamelione the Skirmisher (Minotaur Abyssal Knight)   Turns: 111, Time: 00:02:31

Health: -23/19     AC:  3    Str: 17    XL:     1   Next: 0%
Magic:  1/1        EV: 11    Int:  7    God:    Lugonu [*.....]
Gold:   0          SH:  0    Dex: 10    Spells: 0/0 levels left

rFire   . . .      SeeInvis .   a - +1 spear
rCold   . . .      Faith    .   (no shield)
rNeg    . . .      Spirit   .   b - +0 leather armour
rPois   .          Reflect  .   (helmet restricted)
rElec   .          Harm     .   (no cloak)
rCorr   .          Rampage  .   (no gloves)
Will    .....                   (no boots)
Stlth   +.........              (no amulet)
HPRegen 0.06/turn               (no ring)
MPRegen 0.07/turn               (no ring)

@: no status effects
A: horns 2, retaliatory headbutt
a: Renounce Religion, Depart the Abyss


You were on level 1 of the Abyss.
You worshipped Lugonu.
Lugonu was aware of your devotion.
You visited 0 branches of the dungeon, and saw 0 of its levels.
You visited the Abyss 1 time.

Inventory:

Hand Weapons
 a - a +1 spear (weapon)
Armour
 b - a +0 leather armour (worn)


   Skills:
 + Level 3.6 Fighting
 + Level 2.4 Polearms
 + Level 2.4 Armour
 + Level 1.1 Dodging
 + Level 1.7 Invocations


You couldn't memorise any spells.
You didn't know any spells.
Your spell library was empty.

Dungeon Overview and Level Annotations

Branches:
Dungeon (0/15)

Altars:


Innate Abilities, Weirdness & Mutations

You have a pair of horns on your head.
You reflexively headbutt those who attack you in melee.


Message History

Below lies the Orb of Zot, rumoured to be powerful enough to resurrect a god...
Lugonu says: Depart the Abyss and spread corruption, my servant! (use the ability menu to exit the Abyss) Press ? for a list of commands and other information.
Found a corrupted altar of Lugonu and a basalt altar of Yredelemnul.
Unknown command.
A white imp comes into view.
The white imp shouts, "Decamp, thou gorbellied hell-hated rump-roast!"
A white imp is nearby!
A white imp is nearby!
A white imp is nearby!
A white imp is nearby!
You hit the white imp but do no damage. You headbutt the white imp.
You punch the white imp.
The white imp is lightly wounded.
The white imp barely misses you.
You hit the white imp.
The white imp is moderately wounded.
The white imp barely misses you.
You hit the white imp but do no damage.
The white imp is moderately wounded.
The white imp hits you. The white imp freezes you.
You closely miss the white imp.
The white imp is moderately wounded.
The white imp hits you. The white imp freezes you.
You hit the white imp. Your headbutt misses the white imp.
The white imp is severely wounded.
The white imp barely misses you.
You puncture the white imp!
You kill the white imp!
That felt strangely unrewarding.
You start resting.
A lurking horror comes into view.
An orange demon comes into view.
Your body is wracked with pain!
* * * LOW HITPOINT WARNING * * *
A hellion comes into view.
The hellion gives a hideous shriek!
The hellion gestures at you.
The sphere of damnation explodes!
The damnation engulfs you!!
Ouch! That really hurt!
You die...

# . #. .. # . ## ..
. #. .# .# #.##.#
## .##.###
#..#.###.###......#
##.#.#. #.##......#
#..#....#.#.@##..##
.#..#........2...#
#.#.#.#.#.###.#.#.#
#.#....#..# ...#..
###. #.##.##..###
## #..#.#.##.#.##
..#.#.##.# # .
##.##.#.... # .
#..## #..#. #..


You could see a hellion.

Vanquished Creatures
  A white imp (Abyss:1)
1 creature vanquished.

Vanquished Creatures (others)
  A lurking horror (Abyss:1)
1 creature vanquished.

Grand Total: 2 creatures vanquished

Notes
Turn   | Place    | Note
-------+----------+-------------------------------------------
     0 | Abyss:1  | Kamelione the Minotaur Abyssal Knight began the quest for
                  | the Orb.
     0 | Abyss:1  | Reached XP level 1. HP: 19/19 MP: 1/1
    82 | Abyss:1  | Noticed an orange demon
   107 | Abyss:1  | Noticed a hellion
   111 | Abyss:1  | Killed from afar by a hellion

Illustrated notes

Levels and vault maps discovered:
Abyss:1:  base: Temple, base:
Temple

Action                   || total
-------------------------++-------
Melee: Spear             ||     6
       Headbutt          ||     1
       Punch             ||     1
Dodge: Dodged            ||     3
